TOP OF THE 1ST |
---|
North Carolina State Wolfpack batting - Pitching for North Carolina Tar Heels : RHP Craig Scott | Pitching: RHP Craig Scott | | Batting: LHB Steven Gregory | 0-0: Ball 1-0: Swinging Strike 1-1: Swinging Strike 1-2: Strikes out swinging | Batting: SHB Dave Williams | 0-0: Ball 1-0: Ball 2-0: Ball 3-0: Called Strike 3-1: Foul Ball, location: 2F 3-2: Base on Balls | Batting: LHB Aaron Atkins | 0-0: Called Strike 0-1: Ball 1-1: Ball 2-1: Foul Ball, location: 2F 2-2: Foul Ball, location: 2F 2-2: Strikes out swinging | Batting: LHB John Fuller | 0-0: Ball 1-0: Ball 2-0: Swinging Strike 2-1: Ball 3-1: Fly out, F9 (Flyball, 9S) | Top of the 1st over - 0 runs, 0 hits, 0 errors, 1 left on base; North Carolina State 0 - North Carolina 0 | BOTTOM OF THE 1ST |
---|
North Carolina Tar Heels batting - Pitching for North Carolina State Wolfpack : LHP Jorge Hernández | Pitching: LHP Jorge Hernández | | Batting: RHB Marvin Montgomery | 0-0: Ball 1-0: Ball 2-0: Ball 3-0: Called Strike 3-1: Base on Balls | Batting: RHB Howard Brown | 0-0: Called Strike 0-1: Fly out, F4 (Line Drive, 4) | Batting: LHB Marvin Jones | 0-0: Called Strike 0-1: Swinging Strike Passed Ball! Marvin Montgomery to second 0-2: Ball 1-2: Ball 2-2: Strikes out swinging | Batting: LHB Timothy Pierce | 0-0: Ball 1-0: Foul Ball, location: 2F 1-1: Ball Wild Pitch! Marvin Montgomery to third 2-1: Ball 3-1: Base on Balls | Batting: SHB Jason Smith | 0-0: Ground out 6-3 (Groundball, 6) | Bottom of the 1st over - 0 runs, 0 hits, 0 errors, 2 left on base; North Carolina State 0 - North Carolina 0 | TOP OF THE 2ND |
---|
North Carolina State Wolfpack batting - Pitching for North Carolina Tar Heels : RHP Craig Scott | Batting: LHB Ryan Cook | 0-0: Ball 1-0: Ball 2-0: Ball 3-0: Called Strike 3-1: Base on Balls | Batting: LHB Ramón Quintanilla | 0-0: Ball 1-0: Called Strike 1-1: Ball 2-1: Called Strike 2-2: Ball 3-2: SINGLE (Groundball, 4MD) Ryan Cook to second Ryan Cook to third | Batting: SHB Mark Hendree | 0-0: Ball 1-0: Ball 2-0: Called Strike 2-1: Foul Ball, location: 2F 2-2: Strikes out swinging | Batting: LHB Stan Miller | 0-0: Fly out, F8 (Flyball, 8LD) Runner from 3rd tags up, SCORES, no throw | Batting: LHB Trent Harper | 0-0: Ball 1-0: Swinging Strike 1-1: Foul Ball, location: 2F 1-2: Ball 2-2: Ball 3-2: Base on Balls Ramón Quintanilla to second | Batting: LHB Steven Gregory | 0-0: Ball 1-0: Fly out, F9 (Flyball, 9LS) | Top of the 2nd over - 1 run, 1 hit, 0 errors, 2 left on base; North Carolina State 1 - North Carolina 0 | BOTTOM OF THE 2ND |
---|
North Carolina Tar Heels batting - Pitching for North Carolina State Wolfpack : LHP Jorge Hernández | Batting: RHB Scotty Sherman | 0-0: Ball 1-0: Ball 2-0: Called Strike 2-1: Foul Ball, location: 2F 2-2: Foul Ball, location: 2F 2-2: Foul Ball, location: 2F 2-2: Ball 3-2: Foul Ball, location: 2F 3-2: Strikes out looking | Batting: LHB Alfonso Sánchez | 0-0: Ball 1-0: Called Strike 1-1: Foul Ball, location: 2F 1-2: Ball 2-2: Foul Ball, location: 2F 2-2: Ground out 4-3 (Groundball, 4) | Batting: RHB Shane Hunter | 0-0: Swinging Strike 0-1: Fly out, F9 (Flyball, 9LS) | Bottom of the 2nd over - 0 runs, 0 hits, 0 errors, 0 left on base; North Carolina State 1 - North Carolina 0 | TOP OF THE 3RD |
---|
North Carolina State Wolfpack batting - Pitching for North Carolina Tar Heels : RHP Craig Scott | Batting: SHB Dave Williams | 0-0: Ball 1-0: Ball 2-0: Ball 3-0: Base on Balls | Batting: LHB Aaron Atkins | 0-0: Foul Ball, location: 2F 0-1: Called Strike 0-2: Grounds into double play, 6-4-3 (Groundball, 6) | Batting: LHB John Fuller | 0-0: Ball 1-0: Foul Ball, location: 2F 1-1: Ball 2-1: Ball 3-1: Called Strike 3-2: Foul Ball, location: 2F 3-2: Fly out, F7 (Flyball, 7D) | Top of the 3rd over - 0 runs, 0 hits, 0 errors, 0 left on base; North Carolina State 1 - North Carolina 0 | BOTTOM OF THE 3RD |
---|
North Carolina Tar Heels batting - Pitching for North Carolina State Wolfpack : LHP Jorge Hernández | Batting: RHB James Shane | 0-0: Ball 1-0: Swinging Strike 1-1: Swinging Strike 1-2: Foul Ball, location: 2F 1-2: Ball 2-2: Ground out 6-3 (Groundball, 6) | Batting: RHB Marvin Montgomery | 0-0: Ball 1-0: Ball 2-0: Swinging Strike 2-1: Foul Ball, location: 2F 2-2: Ball 3-2: SINGLE (Line Drive, 8LS) | Batting: RHB Howard Brown | 0-0: Ball 1-0: Ball 2-0: Foul Ball, location: 2F 2-1: Ball 3-1: Grounds into double play, 5-4-3 (Groundball, 5) | Bottom of the 3rd over - 0 runs, 1 hit, 0 errors, 0 left on base; North Carolina State 1 - North Carolina 0 | TOP OF THE 4TH |
---|
North Carolina State Wolfpack batting - Pitching for North Carolina Tar Heels : RHP Craig Scott | Batting: LHB Ryan Cook | 0-0: Called Strike 0-1: Ground out 5-3 (Groundball, 56S) | Batting: LHB Ramón Quintanilla | 0-0: Foul Ball, location: 2F 0-1: Ball 1-1: Swinging Strike 1-2: Ball 2-2: Ball 3-2: DOUBLE (Flyball, 8LXD) | Batting: SHB Mark Hendree | 0-0: Ball 1-0: Ground out 6-3 (Groundball, 6) | Batting: LHB Stan Miller | 0-0: Ball 1-0: Foul Ball, location: 2F 1-1: Foul Ball, location: 2F 1-2: Strikes out swinging | Top of the 4th over - 0 runs, 1 hit, 0 errors, 1 left on base; North Carolina State 1 - North Carolina 0 | BOTTOM OF THE 4TH |
---|
North Carolina Tar Heels batting - Pitching for North Carolina State Wolfpack : LHP Jorge Hernández | Batting: LHB Marvin Jones | 0-0: SINGLE (Flyball, 8LM) | Batting: LHB Timothy Pierce | 0-0: Ball 1-0: Called Strike 1-1: Ball 2-1: Fly out, F9 (Flyball, 89S) | Batting: SHB Jason Smith | 0-0: Called Strike 0-1: Fly out, F5 (Popup, 25F) | Batting: RHB Scotty Sherman | 0-0: Ball 1-0: Ball 2-0: Called Strike 2-1: Ball 3-1: Base on Balls Marvin Jones to second | Batting: LHB Alfonso Sánchez | 0-0: Called Strike 0-1: Ball 1-1: Foul Ball, location: 2F 1-2: Strikes out swinging | Bottom of the 4th over - 0 runs, 1 hit, 0 errors, 2 left on base; North Carolina State 1 - North Carolina 0 | TOP OF THE 5TH |
---|
North Carolina State Wolfpack batting - Pitching for North Carolina Tar Heels : RHP Craig Scott | Batting: LHB Trent Harper | 0-0: Called Strike 0-1: Foul Ball, location: 2F 0-2: Fly out, F8 (Flyball, 8LD) | Batting: LHB Steven Gregory | 0-0: Ball 1-0: Called Strike 1-1: Ball 2-1: Foul Ball, location: 2F 2-2: Strikes out swinging, 2-3 out at first. | Batting: SHB Dave Williams | 0-0: Ground out 2-3 (Groundball, 15S) | Top of the 5th over - 0 runs, 0 hits, 0 errors, 0 left on base; North Carolina State 1 - North Carolina 0 | BOTTOM OF THE 5TH |
---|
North Carolina Tar Heels batting - Pitching for North Carolina State Wolfpack : LHP Jorge Hernández | Batting: RHB Shane Hunter | 0-0: Called Strike 0-1: Ball 1-1: Ground out U3 (Groundball, 34) | Batting: RHB James Shane | 0-0: Ball 1-0: SOLO HOME RUN (Flyball, 7D), Distance : 342 ft | Batting: RHB Marvin Montgomery | 0-0: Foul Ball, location: 2F 0-1: Ground out 5-3 (Groundball, 56) | Batting: RHB Howard Brown | 0-0: Ball 1-0: Called Strike 1-1: Called Strike 1-2: Ball 2-2: Foul Ball, location: 2F 2-2: Strikes out looking | Bottom of the 5th over - 1 run, 1 hit, 0 errors, 0 left on base; North Carolina State 1 - North Carolina 1 | TOP OF THE 6TH |
---|
North Carolina State Wolfpack batting - Pitching for North Carolina Tar Heels : RHP Craig Scott | Pitching: LHP Dan Womack | | Batting: LHB Aaron Atkins | 0-0: Called Strike 0-1: Called Strike 0-2: Foul Ball, location: 2F 0-2: Ball 1-2: Foul Ball, location: 2F 1-2: Ball 2-2: Ball 3-2: Foul Ball, location: 2F 3-2: Base on Balls | Batting: LHB John Fuller | 0-0: Ball 1-0: Ball 2-0: Fly out, F7 (Flyball, 7S) | Batting: LHB Ryan Cook | 0-0: Ball Wild Pitch! Aaron Atkins to second 1-0: Intentional Walk | Batting: LHB Ramón Quintanilla | 0-0: Ball 1-0: Ball 2-0: Foul Ball, location: 2F 2-1: Ball 3-1: Base on Balls Aaron Atkins to third Ryan Cook to second | Batting: SHB Mark Hendree | 0-0: Called Strike 0-1: Foul Ball, location: 2F 0-2: Ball 1-2: Ball 2-2: Foul Ball, location: 2F 2-2: Strikes out looking | Batting: LHB Stan Miller | 0-0: Ball 1-0: SINGLE (Groundball, 6M) (infield hit) Aaron Atkins scores Ryan Cook to third Ramón Quintanilla to second | Batting: LHB Trent Harper | 0-0: Called Strike 0-1: Foul Ball, location: 2F 0-2: Fly out, F6 (Popup, 6) | Top of the 6th over - 1 run, 1 hit, 0 errors, 3 left on base; North Carolina State 2 - North Carolina 1 | BOTTOM OF THE 6TH |
---|
North Carolina Tar Heels batting - Pitching for North Carolina State Wolfpack : LHP Jorge Hernández | Pitching: RHP Ronnie Hampshire | | Batting: LHB Marvin Jones | 0-0: Ball 1-0: SOLO HOME RUN (Flyball, 9LD), Distance : 316 ft | Batting: LHB Timothy Pierce | 0-0: Called Strike 0-1: Fly out, F9 (Flyball, 9) | Batting: SHB Jason Smith | 0-0: SINGLE (Groundball, 56D) | Batting: RHB Scotty Sherman | 0-0: Called Strike 0-1: Foul Ball, location: 2F 0-2: Ball Wild Pitch! Jason Smith to second 1-2: Foul Ball, location: 2F 1-2: Strikes out swinging | Batting: LHB Alfonso Sánchez | 0-0: Ball 1-0: Ball 2-0: Called Strike 2-1: Foul Ball, location: 2F 2-2: Strikes out looking | Bottom of the 6th over - 1 run, 2 hits, 0 errors, 1 left on base; North Carolina State 2 - North Carolina 2 | TOP OF THE 7TH |
---|
North Carolina State Wolfpack batting - Pitching for North Carolina Tar Heels : LHP Dan Womack | Batting: LHB Steven Gregory | 0-0: Ball 1-0: Foul Ball, location: 2F 1-1: Fly out, F7 (Line Drive, 78D) | Batting: SHB Dave Williams | 0-0: Swinging Strike 0-1: Ball 1-1: Ball 2-1: Ball 3-1: Base on Balls | Batting: LHB Aaron Atkins | 0-0: Fly out, F7 (Flyball, 7D) | Batting: LHB John Fuller | 0-0: Fly out, F8 (Flyball, 8LM) | Top of the 7th over - 0 runs, 0 hits, 0 errors, 1 left on base; North Carolina State 2 - North Carolina 2 | BOTTOM OF THE 7TH |
---|
North Carolina Tar Heels batting - Pitching for North Carolina State Wolfpack : RHP Ronnie Hampshire | Batting: RHB Shane Hunter | 0-0: Ball 1-0: Ground out 4-3 (Groundball, 4M) | Batting: RHB James Shane | 0-0: Ball 1-0: Foul Ball, location: 2F 1-1: Foul Ball, location: 2F 1-2: Ball 2-2: Strikes out swinging | Batting: RHB Marvin Montgomery | 0-0: SINGLE (Groundball, 4S) (infield hit) | Batting: RHB Howard Brown | 0-0: Ball 1-0: Ball Marvin Montgomery steals 2nd base 2-0: Called Strike 2-1: Foul Ball, location: 2F 2-2: Strikes out swinging | Bottom of the 7th over - 0 runs, 1 hit, 0 errors, 1 left on base; North Carolina State 2 - North Carolina 2 | TOP OF THE 8TH |
---|
North Carolina State Wolfpack batting - Pitching for North Carolina Tar Heels : RHP Craig Brown | Pitching: RHP Craig Brown | | Batting: LHB Ryan Cook | 0-0: Ball 1-0: Foul Ball, location: 2F 1-1: Fly out, F8 (Flyball, 8LM) | Pitching: LHP Gene Johnston | | Batting: LHB Ramón Quintanilla | 0-0: Foul Ball, location: 2F 0-1: Ground out 4-3 (Groundball, 4) | Pitching: RHP Brad Miron | | Batting: SHB Mark Hendree | 0-0: Called Strike 0-1: Fly out, F9 (Flyball, 9LM) | Top of the 8th over - 0 runs, 0 hits, 0 errors, 0 left on base; North Carolina State 2 - North Carolina 2 | BOTTOM OF THE 8TH |
---|
North Carolina Tar Heels batting - Pitching for North Carolina State Wolfpack : RHP Ronnie Hampshire | Batting: LHB Marvin Jones | 0-0: Called Strike 0-1: Foul Ball, location: 2F 0-2: Strikes out swinging | Batting: LHB Timothy Pierce | 0-0: Ball 1-0: Called Strike 1-1: Ball 2-1: Foul Ball, location: 2F 2-2: Strikes out looking | Batting: SHB Jason Smith | 0-0: DOUBLE (Groundball, 3L) | Batting: RHB Scotty Sherman | 0-0: Ball 1-0: Foul Ball, location: 2F 1-1: Ball 2-1: Fly out, F8 (Flyball, 89M) | Bottom of the 8th over - 0 runs, 1 hit, 0 errors, 1 left on base; North Carolina State 2 - North Carolina 2 | TOP OF THE 9TH |
---|
North Carolina State Wolfpack batting - Pitching for North Carolina Tar Heels : RHP Brad Miron | Pitching: RHP Júlio Martínez | | Pinch Hitting: RHB Chris Seals | 0-0: Ball 1-0: Ball 2-0: Ball 3-0: Called Strike 3-1: Base on Balls | Pinch Hitting: SHB Paul Campbell | 0-0: Ball 1-0: Ball 2-0: Bunted foul 2-1: Sac Bunt - play at first, batter OUT! 1-4 Chris Seals to second | Batting: LHB Steven Gregory | 0-0: Called Strike 0-1: Foul Ball, location: 2F 0-2: Foul Ball, location: 2F 0-2: Foul Ball, location: 2F 0-2: Ball 1-2: Foul Ball, location: 2F 1-2: Foul Ball, location: 2F 1-2: Ball 2-2: Foul Ball, location: 2F 2-2: Foul Ball, location: 2F 2-2: Reached on error, E3 (Groundball, 34S) Chris Seals scores | Batting: SHB Dave Williams | 0-0: Ball 1-0: Swinging Strike 1-1: Swinging Strike 1-2: Foul Ball, location: 2F 1-2: Strikes out swinging | Batting: LHB Aaron Atkins | 0-0: Called Strike 0-1: Called Strike 0-2: Ball 1-2: Strikes out swinging | Top of the 9th over - 1 run, 0 hits, 1 error, 1 left on base; North Carolina State 3 - North Carolina 2 | BOTTOM OF THE 9TH |
---|
North Carolina Tar Heels batting - Pitching for North Carolina State Wolfpack : RHP Ronnie Hampshire | Pitching: RHP Frank Knight | | Now at 2B: Chris Seals | | Now at 3B: Chris Curry | | Now in RF: Alex Miller | | Batting: LHB Alfonso Sánchez | 0-0: Swinging Strike 0-1: Foul Ball, location: 2F 0-2: Ball 1-2: Foul Ball, location: 2F 1-2: Foul Ball, location: 2F 1-2: Strikes out looking | Batting: RHB Shane Hunter | 0-0: Called Strike 0-1: Swinging Strike 0-2: Foul Ball, location: 2F 0-2: Strikes out swinging | Batting: RHB James Shane | 0-0: Ball 1-0: Fly out, F8 (Flyball, 8RXD) | Bottom of the 9th over - 0 runs, 0 hits, 0 errors, 0 left on base; North Carolina State 3 - North Carolina 2 | |